 Dungeon Crawl Stone Soup version 0.30.0-5-g1a98f26d00 (webtiles) character file.

Game seed: 5619808087862711815

5 monsoonserge the Caller (level 1, 0/10 HPs)
             Began as a Tengu Summoner on May 10, 2023.
             Slain by a goblin
             ... wielding a +0 dagger
              (4 damage)
             ... on level 1 of the Dungeon.
             The game lasted 00:00:31 (127 turns).

monsoonserge the Caller (Tengu Summoner)             Turns: 127, Time: 00:00:32

Health: 0/10       AC:  2    Str:  8    XL:     1   Next: 80%
Magic:  2/4        EV: 12    Int: 15    God:
Gold:   18         SH:  0    Dex: 14    Spells: 3/4 levels left

rFire   . . .        e - +0 dagger
rCold   . . .        (no shield)
rNeg    . . .        a - +0 robe
rPois   .            (helmet restricted)
rElec   .            (no cloak)
rCorr   .            (no gloves)
SInv    .            (boots unavailable)
Will    .....        (no amulet)
Stlth   ++           (no ring)
HPRegen 0.21/turn    (no ring)
MPRegen 0.09/turn

%: no passive effects
@: no status effects
A: beak, talons 3
a: no special abilities


You were on level 1 of the Dungeon.
You visited 1 branch of the dungeon, and saw 1 of its levels.

You collected 18 gold pieces.

Inventory:

Hand Weapons
 d - a +0 club
 e - a +0 dagger (weapon)
Armour
 a - a +0 robe (worn)
Scrolls
 c - a scroll of poison {unknown}
 f - a scroll of blinking {unknown}
 g - a scroll of teleportation {unknown}
 h - a scroll of vulnerability {unknown}
Potions
 b - a potion of magic


   Skills:
 + Level 2.1 Dodging
 + Level 2.0 Stealth
 + Level 2.2 Spellcasting
 + Level 5.0 Summonings


You had 3 spell levels left.
You knew the following spells:

 Your Spells              Type           Power      Damage    Failure   Level
a - Summon Small Mammal   Summ           64%        N/A       2%          1

Your spell library contained the following spells:

 Spells                   Type           Power      Damage    Failure   Level
 Call Imp                 Summ           32%        N/A       4%          2
 Call Canine Familiar     Summ           16%        N/A       9%          3
 Summon Guardian Golem    Hex/Summ       9%         N/A       24%         3
 Summon Lightning Spire   Summ/Air       9%         N/A       61%         4


Dungeon Overview and Level Annotations

Branches:
Dungeon (1/15)

Altars:


Innate Abilities, Weirdness & Mutations

You have a beak for a mouth.
You have claws for feet.


Message History

You now have 18 gold pieces (gained 7).
There are no items here.
A giant cockroach comes into view.
There is a stone staircase leading down here.
The helpless giant cockroach fails to defend itself.
You puncture the giant cockroach!
You kill the giant cockroach!
Found a scroll labelled VETYEX CATEU.
Found a throwing net.
A ball python and a rat come into view.
You see here a scroll labelled VETYEX CATEU.
h - a scroll labelled VETYEX CATEU The ball python hisses angrily.
A goblin comes into view. It is wielding a +0 dagger.
Found a scroll labelled SECWE RAEGG.
The goblin shouts!
Casting: Summon Small Mammal (safe; 2% risk of failure)
Confirm with . or Enter, or press ? or * to list all spells.
Your bat hits the rat but does no damage.
You hit the rat.
You kill the rat!
Your bat completely misses the ball python.
Your bat hits the ball python. The ball python barely misses your bat.
The ball python misses your bat.
Your Summonings skill increases to level 5!
Casting: Summon Small Mammal (safe; 2% risk of failure)
Confirm with . or Enter, or press ? or * to list all spells.
Okay, then.
Your bat hits the ball python. You closely miss the goblin.
Your kick misses the goblin.
Your bat closely misses the ball python.
The goblin misses you. The ball python bites you. The ball python grabs you.
The ball python constricts you.
You hit the ball python.
You kill the ball python!
The goblin hits you with a +0 dagger.
Your bat hits the goblin.
Casting: Summon Small Mammal (safe; 2% risk of failure)
Confirm with . or Enter, or press ? or * to list all spells.
Your bat barely misses the goblin.
The goblin hits you with a +0 dagger.
You die...

#..........#
#..........#....
#..........#....
#............... #
#............... #
#............... #
#.......br...... #
#...g...... ##
#..@....... .#
###########........?. .#
#....................
.###..........#.....####
...#..........#.....#
##......#####.#..(..#
######.# ##..#.....#
#.###..##.....#
#######..#..###.....#


You could see a goblin (ally target), a friendly bat (summoned) and a friendly
rat (summoned).

Vanquished Creatures
  A giant cockroach (D:1)
  A ball python (D:1)
  A rat (D:1)
3 creatures vanquished.

Vanquished Creatures (collateral kills)
  2 goblins (D:1)
2 creatures vanquished.

Grand Total: 5 creatures vanquished

Notes
Turn   | Place    | Note
-------+----------+-------------------------------------------
     0 | D:1      | monsoonserge the Tengu Summoner began the quest for the
                  | Orb.
     0 | D:1      | Reached XP level 1. HP: 10/10 MP: 4/4
   124 | D:1      | Reached skill level 5 in Summonings
   127 | D:1      | Slain by a goblin

Illustrated notes

Levels and vault maps discovered:
D:1:      minmay_arrival_doors, layout_basic

Skill      XL: |  1 |
---------------+----+-----
Summonings     | 5 |  5.0
Dodging        | |  2.1
Stealth        | |  2.0
Spellcasting   | |  2.2

Action                     || total
---------------------------++-------
  Melee: Dagger            ||     4
         Unarmed           ||     4
         Club              ||     2
         Peck              ||     1
   Cast: Summon Small Mamm ||     3
   Stab: Sleeping          ||     1
  Dodge: Dodged            ||     4
